 Dungeon Crawl Stone Soup version 0.29.1-15-g9cfb28693d (webtiles) character file.

Game seed: 6183836756158072662

72 safid the Chiller (level 4, -14/33 HPs)
             Began as a Merfolk Ice Elementalist on Mar 3, 2023.
             Killed from afar by Ijyb (17 damage)
             ... with a bolt of acid
             ... on level 3 of the Dungeon.
             The game lasted 00:08:20 (3352 turns).

safid the Chiller (Merfolk Ice Elementalist)        Turns: 3352, Time: 00:08:20

Health: -14/33     AC:  4    Str:  8    XL:     4   Next: 25%
Magic:  2/8        EV: 12    Int: 16    God:
Gold:   40         SH:  0    Dex: 14    Spells: 1/8 levels left

rFire   . . .      SeeInvis .   c - +0 spear
rCold   . . .      Faith    .   (no shield)
rNeg    . . .      Spirit   .   a - +0 robe
rPois   .          Reflect  .   (no helmet)
rElec   .          Harm     .   (no cloak)
rCorr   .          Rampage  .   (no gloves)
Will    .....                   (no boots)
Stlth   ++........              (no amulet)
HPRegen 0.11/turn               (no ring)
MPRegen 0.11/turn               (no ring)

@: ice-armoured, corroded, freezing walls, attractive
A: (nimble swimmer 2), mertail
a: no special abilities


You were on level 3 of the Dungeon.
You visited 1 branch of the dungeon, and saw 3 of its levels.

You collected 204 gold pieces.
You spent 164 gold pieces at shops.

Inventory:

Hand Weapons
 c - a +0 spear (weapon)
Armour
 a - a +0 robe (worn)
Wands
 l - a wand of iceblast (9)
Scrolls
 f - 6 scrolls of identify
 g - a scroll of blinking {unknown}
 h - 3 scrolls of teleportation
 i - a scroll of enchant weapon {unknown}
 j - a scroll of amnesia
 m - a scroll of summoning {unknown}
Potions
 b - 3 potions of magic
 d - a potion of lignification {unknown}
 e - a potion of attraction
 k - a potion of curing {unknown}


   Skills:
 + Level 2.1 Fighting
 - Level 2.6 Dodging
 - Level 2.1 Stealth
 + Level 2.8 Spellcasting
 + Level 5.1 Ice Magic


You had one spell level left.
You knew the following spells:

 Your Spells              Type           Power      Damage    Failure   Level
a - Freeze                Ice            72%        1d9       2%          1
b - Frozen Ramparts       Ice            36%        1d6       7%          3
c - Ozocubu's Armour      Ice            18%        N/A       7%          3

Your spell library contained the following spells:

 Spells                   Type           Power      Damage    Failure   Level
 Magic Dart               Conj           8%         1d3       19%         1
 Call Imp                 Summ           2%         N/A       28%         2
 Gell's Gravitas          Tloc           2%         N/A       50%         3
 Lesser Beckoning         Tloc           2%         N/A       50%         3
 Mephitic Cloud           Conj/Pois/Air  2%         N/A       50%         3
 Teleport Other           Tloc           2%         N/A       50%         3
 Hailstorm                Conj/Ice       10%        3d5       54%         4


Dungeon Overview and Level Annotations

Branches:
Dungeon (3/15)

Altars:
Makhleb

Shops:
D:1 ((?   D:2 ([[**

Annotations:
D:3 Grinder, Ijyb


Innate Abilities, Weirdness & Mutations

((You are very nimble when in or above water. (Stealth+, EV+, Speed+++)))
Your lower body shifts to a powerful aquatic tail in water.


Message History

Casting: Frozen Ramparts (quite dangerous; 7% risk of failure)
Confirm with . or Enter, or press ? or * to list all spells.
You can't see any susceptible monsters within range! (Use Z to cast anyway.) Unknown command.
You start resting.
Ijyb is nearby!
Casting: Frozen Ramparts (quite dangerous; 7% risk of failure)
Confirm with . or Enter, or press ? or * to list all spells.
The spell is quite dangerous to miscast (7% risk of failure)!
Continue anyway? [Y]es or [N]o only, please.
The spell is quite dangerous to miscast (7% risk of failure)!
Continue anyway?
Casting: Frozen Ramparts (quite dangerous; 7% risk of failure)
Press: ? - help, Dir - look around, f - activate The walls around you are covered in ice.
The wall freezes Ijyb.
You hit Ijyb but do no damage.
Ijyb is lightly wounded.
The wall freezes Ijyb but does no damage.
Ijyb hits you with a +0 club.
Casting: Frozen Ramparts (quite dangerous; 7% risk of failure)
Confirm with . or Enter, or press ? or * to list all spells.
The spell is quite dangerous to miscast (7% risk of failure)!
Continue anyway? [Y]es or [N]o only, please.
The spell is quite dangerous to miscast (7% risk of failure)!
Continue anyway?
A film of ice covers your body!
The wall freezes Ijyb.
Ijyb closely misses you.
You hit Ijyb.
Ijyb is moderately wounded.
The wall freezes Ijyb.
Ijyb zaps a wand.
The bolt of acid hits you.
You hit Ijyb but do no damage.
Ijyb is moderately wounded.
The wall freezes Ijyb.
Ijyb screams, "No!
No, no, no, no!"
Ijyb zaps a wand.
The bolt of acid hits you!
* * * LOW HITPOINT WARNING * * *
The acid corrodes you!
It was a potion of attraction.
You feel attractive to monsters.
The wall freezes Ijyb.
Ijyb zaps a wand.
The bolt of acid hits you!
Ouch! That really hurt!
You die...

#. #. .# #
#..#. .#.#
###..#. .#.#
...... ..g
#..#.#..
......
#.)#########
#..g@......#
#..#######.#
#......# #.#
#.#
....#####
#.# #.#
#.##..# #.#
#.# # ....
#.# #.#
##.## #.#
#.# .. #.#
#.### #.
#.###.#.####


You could see Ijyb.

Vanquished Creatures
  An adder (D:2)
  A worm (D:2)
  2 dart slugs
  An orc (D:3)
  5 endoplasms
  6 giant cockroaches
  2 goblins (D:1)
  4 hobgoblins
  6 kobolds
  4 quokkas
  4 ball pythons
  4 bats
  3 frilled lizards
  8 rats
51 creatures vanquished.

Vanquished Creatures (others)
  A hobgoblin (D:3)
1 creature vanquished.

Grand Total: 52 creatures vanquished

Notes
Turn   | Place    | Note
-------+----------+-------------------------------------------
     0 | D:1      | safid the Merfolk Ice Elementalist began the quest for the
                  | Orb.
     0 | D:1      | Reached XP level 1. HP: 13/13 MP: 3/3
   264 | D:1      | Reached XP level 2. HP: 16/20 MP: 3/5
   341 | D:1      | Found Cupp's Magic Scroll Shop.
   350 | D:1      | Bought a scroll of noise for 14 gold pieces
   357 | D:1      | Found Sokh's Weapon Emporium.
   405 | D:1      | Found Fiasidod's Weapon Shop.
   414 | D:1      | Reached skill level 1 in Fighting
   685 | D:1      | Reached XP level 3. HP: 9/26 MP: 2/6
   689 | D:1      | Learned a level 3 spell: Frozen Ramparts
  1567 | D:1      | Bought a scroll of amnesia for 56 gold pieces
  1567 | D:1      | Bought a scroll of identify for 28 gold pieces
  1609 | D:2      | Found Reoriad's Armour Emporium.
  1746 | D:2      | Found Qeocyno's Antique Armour Boutique.
  1876 | D:2      | Found Voclor's General Store.
  1889 | D:2      | Bought a scroll of identify for 22 gold pieces
  2078 | D:2      | Found Givvasurph's General Store.
  2086 | D:2      | Bought a potion of degeneration for 11 gold pieces
  2222 | D:2      | Reached skill level 5 in Ice Magic
  2500 | D:2      | Found Keite's Weapon Emporium.
  2701 | D:2      | Bought a scroll of teleportation for 33 gold pieces
  2716 | D:3      | Found a burning altar of Makhleb.
  2720 | D:3      | Reached XP level 4. HP: 33/33 MP: 8/8
  2735 | D:3      | Learned a level 3 spell: Ozocubu's Armour
  3102 | D:3      | Noticed Grinder
  3113 | D:3      | Paralysed by Grinder for 2 turns
  3177 | D:3      | Paralysed by Grinder for 5 turns
  3342 | D:3      | Noticed Ijyb
  3352 | D:3      | Killed from afar by Ijyb

Illustrated notes

Levels and vault maps discovered:
D:1:      dpeg_arrival_windows_large_door, layout_loops_ring, serial_shops,
          shop, nicolae_shop_statue_plus, shop
D:2:      layout_basic, serial_shops, shop, shop, nicolae_shop_stone,
          shop_fountains, nicolae_square_shop,
          nicolae_concentric_dashed_squares_mild
D:3:      layout_basic, bloody_makhleb, mainiacjoe_overflow_alcove_4, uniq_ijyb,
          uniq_grinder

Skill      XL: |  1  2  3 |
---------------+----------+-----
Fighting       | 1 2 |  2.1
Ice Magic      | 5 |  5.1
Dodging        | |  2.6
Stealth        | |  2.1
Spellcasting   | |  2.8

Action                   |  1- 3 |  4- 6 || total
-------------------------+-------+-------++-------
Melee: Spear             |   115 |    47 ||   162
       Punch             |       |     1 ||     1
 Cast: Freeze            |    17 |     4 ||    21
       Frozen Ramparts   |     1 |     6 ||     7
       Ozocubu's Armour  |       |     2 ||     2
  Use: Potion            |       |     1 ||     1
 Stab: Sleeping          |     6 |       ||     6
Armor: Robe              |    12 |     3 ||    15
Dodge: Dodged            |    49 |    30 ||    79
